Knights vs Influenza (R2)

Created - February 26, 2021 at 19:02

Goals
1 2 3 T
Knights 1 1 2 4
Influenza 0 2 1 3
Shots
1 2 3 T
Knights 12 5 8 25
Influenza 13 14 10 37

1st period

1. Knights , Noel Acciari 6 (Frank Vatrano 22) at 19:34

Penalties :
Shane Sims (VJB) for Interference (Minor) at 16:39

2nd period

2. Influenza , Jeff Corbett 1 (Lucas Lessio 10, Tom Kuhnhackl 9) at 0:55
3. Influenza , Tim Schaller 24 (Travis Konecny 23, Bo Horvat 40) at 2:46
4. Knights , Ludwig Bystrom 4 (Nathan Walker 11, Nikolay Goldobin 5) at 10:40

Penalties :
Brett Pesce (VJB) for Goalie Interference (Minor) at 4:21, Frank Vatrano (Lon) for Hooking (Minor) at 13:18, Tim Schaller (VJB) for Hooking (Minor) at 14:28, Lucas Lessio (VJB) for High sticking (Minor) at 18:03

3rd period

5. Knights , Brendan Gaunce 19 (Jordan Martinook 18, Mirco Mueller 13) at 0:28
6. Influenza , Colton Sissons 16 (Tim Schaller 21, Brett Pesce 12) at 7:22
7. Knights , Jordan Martinook 19 (Iiro Pakarinen 34, Brendan Gaunce 28) at 8:01

Penalties :
Shane Sims (VJB) for Hooking (Minor) at 1:22, Jeff Corbett (VJB) for Hooking (Minor) at 10:15, Nikolaj Ehlers (Lon) for Roughing (Minor) at 14:50, Jaden Lindo (VJB) for Hooking (Minor) at 17:31

Goalie Stats

Magnus Hellberg (Lon), 34 saves from 37 shots - (0.919), W, 13-8-0, 60:00 minutes
Al Montoya (VJB), 21 saves from 25 shots - (0.840), L, 10-6-0, 59:41 minutes

Players Stats for Knights

Player Name              G  A  P  +/- PIM S  H  SB GA TA FO     MP     PP MP  PK MP  
------------------------------------------------------------------------------------
Alexandre Carrier        0  0  0  -2  0   0  0  0  0  0  0/0    21:42   7:08   0:00 
Brendan Gaunce           1  1  2   0  0   3  2  0  1  0  8/12   17:49   6:19   0:01 
Brendan Perlini          0  0  0   0  0   1  1  0  1  0  0/0     6:49   0:10   0:16 
Cedric Paquette          0  0  0   0  0   0  2  0  0  0  1/1     6:55   0:00   0:47 
Dominik Kahun            0  0  0   0  0   0  0  0  0  0  6/8     9:27   0:00   0:00 
Frank Vatrano            0  1  1   1  2   2  1  1  0  0  1/6    22:03   6:35   0:11 
Iiro Pakarinen           0  1  1   0  0   2  3  0  1  0  0/0    17:46   6:19   0:00 
Jeremy Bracco            0  0  0   0  0   0  1  0  1  0  0/0     6:57   0:07   0:00 
John Marino              0  0  0   0  0   0  2  0  1  0  0/0    11:02   0:00   0:00 
Jordan Martinook         1  1  2   0  0   1  0  1  2  1  0/0    13:25   0:07   1:05 
Ludwig Bystrom           1  0  1   3  0   3  0  0  0  0  0/0    24:37   5:18   1:03 
Matthew Benning          0  0  0   0  0   0  1  1  0  0  0/0    19:28   5:56   1:03 
Mirco Mueller            0  1  1   3  0   0  0  2  0  1  0/0    18:50   0:00   2:06 
Nathan Walker            0  1  1   0  0   5  1  1  0  0  1/1    15:58   6:19   0:00 
Nikolaj Ehlers           0  0  0   1  2   2  1  1  1  0  0/0    23:07   6:38   0:18 
Nikolay Goldobin         0  1  1   0  0   0  1  0  1  1  0/1    11:29   0:00   1:48 
Noel Acciari             1  0  1   1  0   4  3  1  1  0  16/33  24:15   6:38   1:52 
Vladislav Gavrikov       0  0  0  -2  0   2  2  0  0  1  0/0    24:21   7:46   2:06 

Players Stats for Influenza

Player Name              G  A  P  +/- PIM S  H  SB GA TA FO     MP     PP MP  PK MP  
------------------------------------------------------------------------------------
Aleksi Saarela           0  0  0   0  0   0  2  0  0  0  0/1     5:54   0:00   0:00 
Bo Horvat                0  1  1  -2  0   2  4  1  0  0  16/35  22:51   1:42   6:42 
Brett Pesce              0  1  1   3  2   4  0  0  0  0  0/0    17:05   1:16   4:15 
Colton Sissons           1  0  1   0  0   4  2  1  0  0  8/14   18:11   1:27   3:46 
Dmitry Sinitsyn          0  0  0  -2  0   0  2  1  0  2  0/0    22:55   1:53   7:49 
Haydn Fleury             0  0  0  -1  0   0  0  1  0  2  0/0    18:28   0:00   4:46 
Jaden Lindo              0  0  0   0  2   0  1  0  0  0  0/0     6:22   0:00   0:00 
Jeff Corbett             1  0  1   3  2   2  2  0  0  1  0/0    10:54   0:00   0:43 
Justin Bailey            0  0  0   0  0   3  0  0  1  0  0/1    13:20   1:42   0:00 
Lucas Lessio             0  1  1   0  2   1  2  0  1  0  2/3    12:31   0:00   1:06 
Max Domi                 0  0  0   0  0   5  1  0  1  1  0/0    13:09   1:27   0:04 
Neal Pionk               0  0  0  -2  0   1  0  1  0  1  0/0    23:00   1:16   3:10 
Pavel Zacha              0  0  0   1  0   0  2  0  0  0  2/5     9:18   0:00   0:00 
Ryan Dzingel             0  0  0   0  0   1  1  1  0  0  0/0    12:37   0:00   5:37 
Shane Sims               0  0  0  -3  4   2  5  6  0  1  0/0    27:43   1:53   5:25 
Tim Schaller             1  1  2  -2  2   7  2  1  0  1  0/0    22:14   1:41   6:13 
Tom Kuhnhackl            0  1  1   1  0   1  1  0  0  1  1/3    13:04   0:00   2:40 
Travis Konecny           0  1  1  -1  0   4  0  0  1  0  0/0    16:24   1:27   0:00 

3 Stars

1 - Ludwig Bystrom (Lon)
2 - Brendan Gaunce (Lon)
3 - Noel Acciari (Lon)

Power Play

Knights - 0 on 7 Attempt(s) - 0.00%
Influenza - 0 on 2 Attempt(s) - 0.00%

Penalty Kill

Knights - 2 on 2 Attempt(s) - 100.00% - Score 0 goal in Penalty Kill
Influenza - 7 on 7 Attempt(s) - 100.00% - Score 0 goal in Penalty Kill

Team Stat

Knights - Hits : 21 - Faceoff Wins : 33 - Blocked Shots : 8 - Penalty Minutes : 4
Influenza - Hits : 27 - Faceoff Wins : 29 - Blocked Shots : 13 - Penalty Minutes : 14

Official

Referees : Unknown
Linesman : Unknown

Game Notes

No Game Note

Finance

Level 1 -- Attendance: 1430 (71.50%) -- Ticket Income $57,200
Level 2 -- Attendance: 719 (71.90%) -- Ticket Income $14,380
Total Attendance: 2149 (71.63%)
Total Ticket Income: $71,580
Other Income: $3,579
Total Income: $75,159

Knights

5 vs 5 Forward 
   Center                   Left Wing                Right Wing               Time % Phy DF OF 
 1 Noel Acciari             Nikolaj Ehlers           Frank Vatrano            40     1   2  2  
 2 Brendan Gaunce           Jordan Martinook         Iiro Pakarinen           30     1   2  2  
 3 Dominik Kahun            Nathan Walker            Nikolay Goldobin         20     1   2  2  
 4 Cedric Paquette          Brendan Perlini          Jeremy Bracco            10     1   2  2  

5 vs 5 Defense 
   Defense                  Defense                                           Time % Phy DF OF 
 1 Mirco Mueller            Ludwig Bystrom                                    43     1   3  1  
 2 Vladislav Gavrikov       Alexandre Carrier                                 34     1   3  1  
 3 Matthew Benning          John Marino                                       23     1   2  2  
 4 Vladislav Gavrikov       Mirco Mueller                                     0      1   2  2  

PowerPlay Forward 
   Center                   Left Wing                Right Wing               Time % Phy DF OF 
 1 Noel Acciari             Nikolaj Ehlers           Frank Vatrano            60     0   1  4  
 2 Brendan Gaunce           Nathan Walker            Iiro Pakarinen           40     0   1  4  

PowerPlay Defense
   Defense                  Defense                                           Time % Phy DF OF 
 1 Vladislav Gavrikov       Alexandre Carrier                                 60     0   1  4  
 2 Ludwig Bystrom           Matthew Benning                                   40     0   1  4  

Penalty Kill 4 Players Forward 
   Center                   Wing                     Time % Phy DF OF 
 1 Noel Acciari             Nikolay Goldobin         60     1   3  1  
 2 Jordan Martinook         Frank Vatrano            40     1   3  1  

Penalty Kill 4 Players Defense
   Defense                  Defense                  Time % Phy DF OF 
 1 Mirco Mueller            Vladislav Gavrikov       60     1   4  0  
 2 Matthew Benning          Ludwig Bystrom           40     1   4  0  

Penalty Kill - 3 Players Forward 
   Forward                                           Time % Phy DF OF 
 1 Jordan Martinook                                  60     0   4  1  
 2 Noel Acciari                                      40     0   4  1  

Penalty Kill - 3 Players Defense
   Defense                  Defense                  Time % Phy DF OF 
 1 Mirco Mueller            Vladislav Gavrikov       60     1   3  1  
 2 Matthew Benning          Ludwig Bystrom           40     1   3  1  

4 vs 4 Forward 
   Center                   Wing                     Time % Phy DF OF 
 1 Noel Acciari             Nikolaj Ehlers           60     1   2  2  
 2 Brendan Gaunce           Nathan Walker            40     1   2  2  

4 vs 4 Defense
   Defense                  Defense                  Time % Phy DF OF 
 1 Mirco Mueller            Ludwig Bystrom           60     1   2  2  
 2 Matthew Benning          Vladislav Gavrikov       40     1   2  2  

Last Minutes Offensive
   Center                   Left Wing                Right Wing               Defense                  Defense                  
   Noel Acciari             Nikolaj Ehlers           Iiro Pakarinen           Vladislav Gavrikov       Alexandre Carrier        

Last Minutes Defensive
   Center                   Left Wing                Right Wing               Defense                  Defense                  
   Brendan Gaunce           Jordan Martinook         Frank Vatrano            Mirco Mueller            Vladislav Gavrikov       

Goaltenders
Starting : Magnus Hellberg          
Backup : Elvis Merzlikins         

Extra Forwards
Normal : Frank Vatrano, Iiro Pakarinen, Noel Acciari - PP : Nathan Walker, Brendan Perlini - PK : Nikolay Goldobin
Extra Defensemen
Normal : Alexandre Carrier, Vladislav Gavrikov, Ludwig Bystrom - PP : Alexandre Carrier - PK : Ludwig Bystrom, Mirco Mueller
Penalty Shots
Noel Acciari, Nathan Walker, Iiro Pakarinen, Nikolay Goldobin, Cedric Paquette

Scratches
Nicklas Jensen (Healthy), Mitchell Stephens (Healthy), Sami Niku (Healthy), Alan Quine (Healthy), David Kase (Healthy)
Nicolas Petan (Healthy), Vince Hinostroza (Torn Left Knee Ligaments Injury), Mackenzie MacEachern (Healthy), Jesse Graham (Healthy), Jayce Hawryluk (Healthy)
Oskar Lindblom (Healthy), Ryan Collins (Healthy), William Lagesson (Healthy), Joey Daccord (Healthy), Philippe Desrosiers (Healthy)

Influenza

5 vs 5 Forward 
   Center                   Left Wing                Right Wing               Time % Phy DF OF 
 1 Bo Horvat                Tim Schaller             Travis Konecny           40     1   2  2  
 2 Colton Sissons           Max Domi                 Justin Bailey            30     1   2  2  
 3 Pavel Zacha              Lucas Lessio             Tom Kuhnhackl            20     1   2  2  
 4 Aleksi Saarela           Ryan Dzingel             Jaden Lindo              10     1   2  2  

5 vs 5 Defense 
   Defense                  Defense                                           Time % Phy DF OF 
 1 Shane Sims               Neal Pionk                                        40     1   2  2  
 2 Dmitry Sinitsyn          Haydn Fleury                                      30     1   2  2  
 3 Brett Pesce              Jeff Corbett                                      20     1   2  2  
 4 Shane Sims               Neal Pionk                                        10     1   2  2  

PowerPlay Forward 
   Center                   Left Wing                Right Wing               Time % Phy DF OF 
 1 Bo Horvat                Tim Schaller             Justin Bailey            60     1   2  2  
 2 Colton Sissons           Max Domi                 Travis Konecny           40     1   2  2  

PowerPlay Defense
   Defense                  Defense                                           Time % Phy DF OF 
 1 Shane Sims               Dmitry Sinitsyn                                   60     1   2  2  
 2 Brett Pesce              Neal Pionk                                        40     1   2  2  

Penalty Kill 4 Players Forward 
   Center                   Wing                     Time % Phy DF OF 
 1 Bo Horvat                Tim Schaller             60     1   2  2  
 2 Colton Sissons           Ryan Dzingel             40     1   2  2  

Penalty Kill 4 Players Defense
   Defense                  Defense                  Time % Phy DF OF 
 1 Shane Sims               Dmitry Sinitsyn          60     1   2  2  
 2 Brett Pesce              Haydn Fleury             40     1   2  2  

Penalty Kill - 3 Players Forward 
   Forward                                           Time % Phy DF OF 
 1 Bo Horvat                                         60     1   2  2  
 2 Tim Schaller                                      40     1   2  2  

Penalty Kill - 3 Players Defense
   Defense                  Defense                  Time % Phy DF OF 
 1 Shane Sims               Haydn Fleury             60     1   2  2  
 2 Dmitry Sinitsyn          Brett Pesce              40     1   2  2  

4 vs 4 Forward 
   Center                   Wing                     Time % Phy DF OF 
 1 Bo Horvat                Tim Schaller             60     1   2  2  
 2 Colton Sissons           Max Domi                 40     1   2  2  

4 vs 4 Defense
   Defense                  Defense                  Time % Phy DF OF 
 1 Shane Sims               Dmitry Sinitsyn          60     1   2  2  
 2 Brett Pesce              Haydn Fleury             40     1   2  2  

Last Minutes Offensive
   Center                   Left Wing                Right Wing               Defense                  Defense                  
   Bo Horvat                Tim Schaller             Justin Bailey            Shane Sims               Dmitry Sinitsyn          

Last Minutes Defensive
   Center                   Left Wing                Right Wing               Defense                  Defense                  
   Bo Horvat                Tim Schaller             Tom Kuhnhackl            Shane Sims               Dmitry Sinitsyn          

Goaltenders
Starting : Al Montoya               
Backup : Malcolm Subban           

Extra Forwards
Normal : Lucas Lessio, Travis Konecny, Tom Kuhnhackl - PP : Lucas Lessio, Travis Konecny - PK : Tom Kuhnhackl
Extra Defensemen
Normal : Brett Pesce, Neal Pionk, Dmitry Sinitsyn - PP : Brett Pesce - PK : Neal Pionk, Dmitry Sinitsyn
Penalty Shots
Bo Horvat, Tim Schaller, Max Domi, Ryan Dzingel, Colton Sissons

Scratches
Shane Prince (Healthy), Dennis Gilbert (Healthy), Henri Ikonen (Healthy), Johan Larsson (Healthy), Jakob Forsbacka-Karlsson (Healthy)
Zack MacEwen (Healthy), Radovan Bondra (Healthy), Simon Bourque (Healthy), Mitchell Moroz (Healthy), Conner Bleackley (Healthy)
Brycen Martin (Healthy), Charlie Lindgren (Healthy), Jamie Phillips (Healthy)

% Time on Ice - Knights

Lines # - Real PCT - Wanted PCT - Time Play
Normal Forward
1 - 38% - 40% - 16:15
2 - 26% - 30% - 11:09
3 - 22% - 20% - 9:27
4 - 13% - 10% - 5:40
Normal Defense
1 - 39% - 43% - 16:40
2 - 35% - 34% - 15:05
3 - 25% - 23% - 10:31
4 - 1% - 0% - 0:15
PP Forward
1 - 52% - 60% - 6:45
2 - 48% - 40% - 6:19
PP Defense
1 - 55% - 60% - 7:08
2 - 45% - 40% - 5:56
PK Forward
1 - 85% - 60% - 2:40
2 - 15% - 40% - 0:29
PK Defense
1 - 67% - 60% - 2:06
2 - 33% - 40% - 1:03
PK3 Forward
1 - 0% - 60%
2 - 0% - 40%
PK3 Defense
1 - 0% - 60%
2 - 0% - 40%
44 Forward
1 - 88% - 60% - 0:43
2 - 12% - 40% - 0:06
44 Defense
1 - 78% - 60% - 0:38
2 - 22% - 40% - 0:11
Last Minute Offensive  - 0:00
Last Minute Defensive  - 0:27
Total
Forward - 60:00
Defense - 60:00

% Time on Ice - Influenza

Lines # - Real PCT - Wanted PCT - Time Play
Normal Forward
1 - 37% - 40% - 16:03
2 - 27% - 30% - 11:43
3 - 22% - 20% - 9:18
4 - 14% - 10% - 5:54
Normal Defense
1 - 39% - 40% - 16:46
2 - 32% - 30% - 13:35
3 - 22% - 20% - 9:31
4 - 7% - 10% - 3:06
PP Forward
1 - 54% - 60% - 1:42
2 - 46% - 40% - 1:27
PP Defense
1 - 60% - 60% - 1:53
2 - 40% - 40% - 1:16
PK Forward
1 - 76% - 60% - 9:59
2 - 24% - 40% - 3:05
PK Defense
1 - 64% - 60% - 8:18
2 - 36% - 40% - 4:46
PK3 Forward
1 - 0% - 60%
2 - 0% - 40%
PK3 Defense
1 - 0% - 60%
2 - 0% - 40%
44 Forward
1 - 100% - 60% - 0:49
2 - 0% - 40% - 0:00
44 Defense
1 - 57% - 60% - 0:28
2 - 43% - 40% - 0:21
Last Minute Offensive  - 0:00
Last Minute Defensive  - 0:00
Total
Forward - 60:00
Defense - 60:00

Play-by-Play

1st period


0:01 of 1st period - Noel Acciari wins face-off versus Bo Horvat in neutral zone.
0:50 of 1st period - Off-side.
0:51 of 1st period - Brendan Gaunce wins face-off versus Colton Sissons in neutral zone.
0:54 of 1st period - Brett Pesce is hit by Iiro Pakarinen.
1:04 of 1st period - Snap shot by Colton Sissons.
1:04 of 1st period - Deflect By Justin Bailey.
1:04 of 1st period - Stopped by Magnus Hellberg with a rebound.
1:16 of 1st period - Nathan Walker is hit by Jaden Lindo and loses puck.
1:22 of 1st period - Alexandre Carrier is hit by Jeff Corbett and loses puck.
1:50 of 1st period - Haydn Fleury is hit by Cedric Paquette and loses puck.
2:04 of 1st period - Off-side.
2:05 of 1st period - Brendan Gaunce wins face-off versus Pavel Zacha in neutral zone.
3:00 of 1st period - Wrist shot by Nikolaj Ehlers.
3:00 of 1st period - Shot Misses the Net.
3:57 of 1st period - Haydn Fleury is hit by John Marino.
4:23 of 1st period - Slapshot by Bo Horvat.
4:23 of 1st period - Stopped by Magnus Hellberg without a rebound.
4:24 of 1st period - Noel Acciari wins face-off versus Bo Horvat in Knights zone.
4:31 of 1st period - Wrist shot by Travis Konecny.
4:31 of 1st period - Shot Misses the Net.
4:33 of 1st period - Wrist shot by Tim Schaller.
4:33 of 1st period - Stopped by Magnus Hellberg without a rebound.
4:34 of 1st period - Bo Horvat wins face-off versus Frank Vatrano in Knights zone.
4:37 of 1st period - Wrist shot by Tim Schaller.
4:37 of 1st period - Stopped by Magnus Hellberg with a rebound.
4:39 of 1st period - Slapshot by Bo Horvat.
4:39 of 1st period - Shot Blocked by Mirco Mueller.
4:41 of 1st period - Backhand shot by Shane Sims.
4:41 of 1st period - Shot Blocked by Nikolaj Ehlers.
4:45 of 1st period - Wrist shot by Tim Schaller.
4:45 of 1st period - Shot Misses the Net.
4:47 of 1st period - Slapshot by Shane Sims.
4:47 of 1st period - Shot Blocked by Frank Vatrano.
4:55 of 1st period - Wrist shot by Bo Horvat.
4:55 of 1st period - Shot Blocked by Mirco Mueller.
5:27 of 1st period - Snap shot by Bo Horvat.
5:27 of 1st period - Shot Blocked by Noel Acciari.
5:29 of 1st period - Snap shot by Travis Konecny.
5:29 of 1st period - Stopped by Magnus Hellberg without a rebound.
5:30 of 1st period - Brendan Gaunce wins face-off versus Colton Sissons in Knights zone.
5:55 of 1st period - Vladislav Gavrikov is hit by Pavel Zacha and loses puck.
6:02 of 1st period - Slapshot by Nathan Walker.
6:02 of 1st period - Stopped by Al Montoya without a rebound.
6:03 of 1st period - Pavel Zacha wins face-off versus Brendan Gaunce in Influenza zone.
6:51 of 1st period - Snap shot by Brendan Gaunce.
6:51 of 1st period - Stopped by Al Montoya with a rebound.
6:53 of 1st period - Snap shot by Brendan Gaunce.
6:53 of 1st period - Shot Misses the Net.
7:09 of 1st period - Wrist shot by Iiro Pakarinen.
7:09 of 1st period - Deflect By Brendan Gaunce.
7:09 of 1st period - Shot Hit the Post.
7:09 of 1st period - Puck is out of play.
7:10 of 1st period - Noel Acciari wins face-off versus Justin Bailey in Influenza zone.
7:13 of 1st period - Slapshot by Nikolaj Ehlers.
7:13 of 1st period - Shot Blocked by Shane Sims.
7:25 of 1st period - Snap shot by Max Domi.
7:25 of 1st period - Stopped by Magnus Hellberg without a rebound.
7:26 of 1st period - Nathan Walker wins face-off versus Bo Horvat in Knights zone.
7:37 of 1st period - Snap shot by Nathan Walker.
7:37 of 1st period - Stopped by Al Montoya without a rebound.
7:38 of 1st period - Noel Acciari wins face-off versus Colton Sissons in Influenza zone.
7:47 of 1st period - Wrist shot by Noel Acciari.
7:47 of 1st period - Stopped by Al Montoya with a rebound.
7:49 of 1st period - Snap shot by Nikolaj Ehlers.
7:49 of 1st period - Stopped by Al Montoya without a rebound.
7:50 of 1st period - Bo Horvat wins face-off versus Noel Acciari in Influenza zone.
7:57 of 1st period - Snap shot by Tim Schaller.
7:57 of 1st period - Stopped by Magnus Hellberg with a rebound.
7:59 of 1st period - Snap shot by Bo Horvat.
7:59 of 1st period - Stopped by Magnus Hellberg with a rebound.
8:01 of 1st period - Slapshot by Shane Sims.
8:01 of 1st period - Stopped by Magnus Hellberg without a rebound.
8:02 of 1st period - Colton Sissons wins face-off versus Nikolay Goldobin in Knights zone.
8:09 of 1st period - Slapshot by Max Domi.
8:09 of 1st period - Stopped by Magnus Hellberg with a rebound.
8:18 of 1st period - Icing by Justin Bailey.
8:19 of 1st period - Colton Sissons wins face-off versus Noel Acciari in Influenza zone.
8:32 of 1st period - Shane Sims is hit by Frank Vatrano and loses puck.
8:51 of 1st period - Bo Horvat is hit by Vladislav Gavrikov and loses puck.
9:01 of 1st period - Icing by Shane Sims.
9:02 of 1st period - Dominik Kahun wins face-off versus Pavel Zacha in Influenza zone.
10:28 of 1st period - Off-side.
10:29 of 1st period - Dominik Kahun wins face-off versus Pavel Zacha in neutral zone.
10:39 of 1st period - Backhand shot by Dominik Kahun.
10:39 of 1st period - Shot Misses the Net.
10:43 of 1st period - Snap shot by Nikolay Goldobin.
10:43 of 1st period - Deflect By Nathan Walker.
10:43 of 1st period - Stopped by Al Montoya with a rebound.
11:19 of 1st period - Slapshot by Lucas Lessio.
11:19 of 1st period - Shot Misses the Net.
11:27 of 1st period - Wrist shot by Noel Acciari.
11:27 of 1st period - Shot Misses the Net.
11:41 of 1st period - Mirco Mueller is hit by Tim Schaller and loses puck.
12:07 of 1st period - Wrist shot by Max Domi.
12:07 of 1st period - Shot Blocked by Jordan Martinook.
12:38 of 1st period - Tim Schaller is hit by John Marino and loses puck.
13:06 of 1st period - Colton Sissons is hit by Cedric Paquette and loses puck.
13:17 of 1st period - Ryan Dzingel is hit by Brendan Gaunce and loses puck.
13:55 of 1st period - Snap shot by Nathan Walker.
13:55 of 1st period - Shot Misses the Net.
13:57 of 1st period - Wrist shot by Nikolay Goldobin.
13:57 of 1st period - Shot Misses the Net.
14:23 of 1st period - Vladislav Gavrikov is hit by Lucas Lessio and loses puck.
14:34 of 1st period - Haydn Fleury is hit by Nikolaj Ehlers.
14:44 of 1st period - Alexandre Carrier is hit by Pavel Zacha and loses puck.
15:18 of 1st period - Snap shot by Nikolaj Ehlers.
15:18 of 1st period - Shot Hit the Post.
15:20 of 1st period - Slapshot by Vladislav Gavrikov.
15:20 of 1st period - Stopped by Al Montoya without a rebound.
15:21 of 1st period - Brendan Gaunce wins face-off versus Colton Sissons in Influenza zone.
15:56 of 1st period - Slapshot by Nathan Walker.
15:56 of 1st period - Stopped by Al Montoya without a rebound.
15:57 of 1st period - Bo Horvat wins face-off versus Dominik Kahun in Influenza zone.
15:57 of 1st period - Bo Horvat is hit by Nikolay Goldobin.
16:03 of 1st period - Matthew Benning is hit by Bo Horvat.
16:39 of 1st period - Minor Penalty to Shane Sims for Interference.
16:40 of 1st period - Bo Horvat wins face-off versus Noel Acciari in Influenza zone.
17:16 of 1st period - Wrist shot by Brendan Gaunce.
17:16 of 1st period - Stopped by Al Montoya with a rebound.
18:39 of 1st period - Penalty to Shane Sims is over, Shane Sims is back on ice.
18:52 of 1st period - Wrist shot by Jeremy Bracco.
18:52 of 1st period - Deflect By Brendan Perlini.
18:52 of 1st period - Stopped by Al Montoya with a rebound.
19:04 of 1st period - Slapshot by Shane Sims.
19:04 of 1st period - Stopped by Magnus Hellberg with a rebound.
19:06 of 1st period - Wrist shot by Brett Pesce.
19:06 of 1st period - Stopped by Magnus Hellberg without a rebound.
19:07 of 1st period - Dominik Kahun wins face-off versus Colton Sissons in Knights zone.
19:14 of 1st period - Snap shot by Max Domi.
19:14 of 1st period - Shot Blocked by Nathan Walker.
19:16 of 1st period - Slapshot by Dmitry Sinitsyn.
19:16 of 1st period - Shot Misses the Net.
19:18 of 1st period - Slapshot by Colton Sissons.
19:18 of 1st period - Deflect By Justin Bailey.
19:18 of 1st period - Shot Misses the Net.
19:18 of 1st period - Puck is out of play.
19:19 of 1st period - Bo Horvat wins face-off versus Noel Acciari in Knights zone.
19:34 of 1st period - Snap shot by Noel Acciari.
19:34 of 1st period - Goal by Noel Acciari - Knights : 1 - Influenza : 0.
19:35 of 1st period - Noel Acciari wins face-off versus Bo Horvat in neutral zone.
19:50 of 1st period - Wrist shot by Frank Vatrano.
19:50 of 1st period - Stopped by Al Montoya without a rebound.
19:51 of 1st period - Colton Sissons wins face-off versus Brendan Gaunce in Influenza zone.
19:58 of 1st period - Snap shot by Max Domi.
19:58 of 1st period - Stopped by Magnus Hellberg with a rebound.
Goals for this period are 1 for Knights vs 0 for Influenza.
Shots for this period are 12 for Knights vs 13 for Influenza.

2nd period


0:01 of 2nd period - Noel Acciari wins face-off versus Bo Horvat in neutral zone.
0:30 of 2nd period - Wrist shot by Justin Bailey.
0:30 of 2nd period - Stopped by Magnus Hellberg with a rebound.
0:48 of 2nd period - Dominik Kahun is hit by Dmitry Sinitsyn and loses puck.
0:53 of 2nd period - Wrist shot by Lucas Lessio.
0:53 of 2nd period - Stopped by Magnus Hellberg with a rebound.
0:55 of 2nd period - Slapshot by Jeff Corbett.
0:55 of 2nd period - Goal by Jeff Corbett - Knights : 1 - Influenza : 1.
0:56 of 2nd period - Noel Acciari wins face-off versus Bo Horvat in neutral zone.
0:59 of 2nd period - Snap shot by Ludwig Bystrom.
0:59 of 2nd period - Deflect By Neal Pionk.
0:59 of 2nd period - Stopped by Al Montoya with a rebound.
1:01 of 2nd period - Slapshot by Noel Acciari.
1:01 of 2nd period - Shot Blocked by Neal Pionk.
2:11 of 2nd period - Off-side.
2:12 of 2nd period - Pavel Zacha wins face-off versus Noel Acciari in neutral zone.
2:38 of 2nd period - Vladislav Gavrikov is hit by Shane Sims and loses puck.
2:46 of 2nd period - Wrist shot by Tim Schaller.
2:46 of 2nd period - Goal by Tim Schaller - Knights : 1 - Influenza : 2.
2:47 of 2nd period - Noel Acciari wins face-off versus Bo Horvat in neutral zone.
3:12 of 2nd period - Nikolaj Ehlers is hit by Aleksi Saarela and loses puck.
3:41 of 2nd period - Wrist shot by Iiro Pakarinen.
3:41 of 2nd period - Stopped by Al Montoya with a rebound.
3:56 of 2nd period - Off-side.
3:57 of 2nd period - Bo Horvat wins face-off versus Dominik Kahun in neutral zone.
4:13 of 2nd period - Nikolay Goldobin is hit by Bo Horvat and loses puck.
4:21 of 2nd period - Minor Penalty to Brett Pesce for Goalie Interference.
4:22 of 2nd period - Noel Acciari wins face-off versus Bo Horvat in Influenza zone.
4:23 of 2nd period - Snap shot by Nikolaj Ehlers.
4:23 of 2nd period - Shot Blocked by Shane Sims.
4:25 of 2nd period - Wrist shot by Noel Acciari.
4:25 of 2nd period - Shot Misses the Net.
4:27 of 2nd period - Slapshot by Vladislav Gavrikov.
4:27 of 2nd period - Deflect By Shane Sims.
4:27 of 2nd period - Stopped by Al Montoya without a rebound.
4:28 of 2nd period - Bo Horvat wins face-off versus Frank Vatrano in Influenza zone.
6:21 of 2nd period - Penalty to Brett Pesce is over, Brett Pesce is back on ice.
6:45 of 2nd period - Slapshot by Brett Pesce.
6:45 of 2nd period - Stopped by Magnus Hellberg without a rebound.
6:46 of 2nd period - Dominik Kahun wins face-off versus Lucas Lessio in Knights zone.
7:09 of 2nd period - Brendan Gaunce is hit by Max Domi.
7:26 of 2nd period - Icing by Matthew Benning.
7:27 of 2nd period - Cedric Paquette wins face-off versus Bo Horvat in Knights zone.
7:57 of 2nd period - Noel Acciari is hit by Dmitry Sinitsyn and loses puck.
9:21 of 2nd period - Wrist shot by Justin Bailey.
9:21 of 2nd period - Stopped by Magnus Hellberg with a rebound.
9:29 of 2nd period - Max Domi is hit by Matthew Benning.
9:46 of 2nd period - Wrist shot by Tom Kuhnhackl.
9:46 of 2nd period - Stopped by Magnus Hellberg with a rebound.
9:48 of 2nd period - Slapshot by Jeff Corbett.
9:48 of 2nd period - Stopped by Magnus Hellberg without a rebound.
9:49 of 2nd period - Noel Acciari wins face-off versus Bo Horvat in Knights zone.
10:02 of 2nd period - Off-side.
10:03 of 2nd period - Noel Acciari wins face-off versus Bo Horvat in neutral zone.
10:09 of 2nd period - Off-side.
10:10 of 2nd period - Noel Acciari wins face-off versus Bo Horvat in neutral zone.
10:38 of 2nd period - Snap shot by Nathan Walker.
10:38 of 2nd period - Shot Misses the Net.
10:40 of 2nd period - Slapshot by Ludwig Bystrom.
10:40 of 2nd period - Goal by Ludwig Bystrom - Knights : 2 - Influenza : 2.
10:41 of 2nd period - Bo Horvat wins face-off versus Noel Acciari in neutral zone.
10:50 of 2nd period - Snap shot by Tim Schaller.
10:50 of 2nd period - Stopped by Magnus Hellberg with a rebound.
11:12 of 2nd period - Wrist shot by Iiro Pakarinen.
11:12 of 2nd period - Shot Misses the Net.
11:14 of 2nd period - Snap shot by Alexandre Carrier.
11:14 of 2nd period - Shot Blocked by Shane Sims.
11:16 of 2nd period - Wrist shot by Iiro Pakarinen.
11:16 of 2nd period - Stopped by Al Montoya without a rebound.
11:17 of 2nd period - Brendan Gaunce wins face-off versus Bo Horvat in Influenza zone.
12:02 of 2nd period - Slapshot by Dmitry Sinitsyn.
12:02 of 2nd period - Shot Misses the Net.
13:07 of 2nd period - Slapshot by Neal Pionk.
13:07 of 2nd period - Stopped by Magnus Hellberg with a rebound.
13:09 of 2nd period - Snap shot by Colton Sissons.
13:09 of 2nd period - Stopped by Magnus Hellberg without a rebound.
13:10 of 2nd period - Colton Sissons wins face-off versus Noel Acciari in Knights zone.
13:18 of 2nd period - Minor Penalty to Frank Vatrano for Hooking.
13:19 of 2nd period - Noel Acciari wins face-off versus Bo Horvat in Knights zone.
13:19 of 2nd period - Noel Acciari is hit by Shane Sims.
14:28 of 2nd period - Minor Penalty to Tim Schaller for Hooking.
14:29 of 2nd period - Lucas Lessio wins face-off versus Noel Acciari in Influenza zone.
14:54 of 2nd period - Shane Sims is hit by Iiro Pakarinen and loses puck.
15:16 of 2nd period - Icing by Matthew Benning.
15:17 of 2nd period - Tom Kuhnhackl wins face-off versus Noel Acciari in Knights zone.
15:18 of 2nd period - Penalty to Frank Vatrano is over, Frank Vatrano is back on ice.
15:30 of 2nd period - Snap shot by Ryan Dzingel.
15:30 of 2nd period - Shot Misses the Net.
15:32 of 2nd period - Snap shot by Tom Kuhnhackl.
15:32 of 2nd period - Shot Blocked by Matthew Benning.
16:21 of 2nd period - Icing by Brendan Gaunce.
16:22 of 2nd period - Noel Acciari wins face-off versus Colton Sissons in Knights zone.
16:22 of 2nd period - Noel Acciari is hit by Lucas Lessio.
16:28 of 2nd period - Penalty to Tim Schaller is over, Tim Schaller is back on ice.
16:38 of 2nd period - Tim Schaller is hit by Brendan Perlini and loses puck.
17:02 of 2nd period - Wrist shot by Tim Schaller.
17:02 of 2nd period - Stopped by Magnus Hellberg with a rebound.
17:04 of 2nd period - Slapshot by Brett Pesce.
17:04 of 2nd period - Stopped by Magnus Hellberg with a rebound.
17:06 of 2nd period - Backhand shot by Brett Pesce.
17:06 of 2nd period - Stopped by Magnus Hellberg with a rebound.
17:50 of 2nd period - Brendan Perlini is hit by Shane Sims and loses puck.
18:03 of 2nd period - Minor Penalty to Lucas Lessio for High sticking.
18:04 of 2nd period - Bo Horvat wins face-off versus Noel Acciari in Influenza zone.
18:04 of 2nd period - Bo Horvat is hit by Noel Acciari.
18:10 of 2nd period - Noel Acciari is hit by Shane Sims and loses puck.
19:05 of 2nd period - Dmitry Sinitsyn is hit by Brendan Gaunce.
19:15 of 2nd period - Nikolaj Ehlers is hit by Ryan Dzingel and loses puck.
19:30 of 2nd period - Brett Pesce is hit by Nathan Walker and loses puck.
Goals for this period are 1 for Knights vs 2 for Influenza.
Shots for this period are 5 for Knights vs 14 for Influenza.

3rd period


0:01 of 3rd period - Noel Acciari wins face-off versus Bo Horvat in neutral zone.
0:03 of 3rd period - Penalty to Lucas Lessio is over, Lucas Lessio is back on ice.
0:03 of 3rd period - Off-side.
0:04 of 3rd period - Lucas Lessio wins face-off versus Noel Acciari in neutral zone.
0:13 of 3rd period - Slapshot by Vladislav Gavrikov.
0:13 of 3rd period - Shot Misses the Net.
0:22 of 3rd period - Icing by Dmitry Sinitsyn.
0:23 of 3rd period - Brendan Gaunce wins face-off versus Bo Horvat in Influenza zone.
0:24 of 3rd period - Snap shot by Jordan Martinook.
0:24 of 3rd period - Shot Blocked by Shane Sims.
0:26 of 3rd period - Slapshot by Mirco Mueller.
0:26 of 3rd period - Shot Blocked by Shane Sims.
0:28 of 3rd period - Snap shot by Jordan Martinook.
0:28 of 3rd period - Deflect By Brendan Gaunce.
0:28 of 3rd period - Goal by Brendan Gaunce - Knights : 3 - Influenza : 2.
0:29 of 3rd period - Bo Horvat wins face-off versus Noel Acciari in neutral zone.
0:38 of 3rd period - Snap shot by Travis Konecny.
0:38 of 3rd period - Stopped by Magnus Hellberg with a rebound.
0:45 of 3rd period - Icing by Noel Acciari.
0:46 of 3rd period - Colton Sissons wins face-off versus Frank Vatrano in Knights zone.
0:51 of 3rd period - Wrist shot by Colton Sissons.
0:51 of 3rd period - Stopped by Magnus Hellberg with a rebound.
1:11 of 3rd period - Frank Vatrano is hit by Tim Schaller and loses puck.
1:17 of 3rd period - Alexandre Carrier is hit by Bo Horvat.
1:22 of 3rd period - Minor Penalty to Shane Sims for Hooking.
1:23 of 3rd period - Brendan Gaunce wins face-off versus Bo Horvat in Influenza zone.
3:20 of 3rd period - Colton Sissons is hit by Jeremy Bracco and loses puck.
3:22 of 3rd period - Penalty to Shane Sims is over, Shane Sims is back on ice.
3:42 of 3rd period - Snap shot by Colton Sissons.
3:42 of 3rd period - Shot Misses the Net.
3:44 of 3rd period - Wrist shot by Travis Konecny.
3:44 of 3rd period - Stopped by Magnus Hellberg with a rebound.
4:04 of 3rd period - Backhand shot by Travis Konecny.
4:04 of 3rd period - Stopped by Magnus Hellberg without a rebound.
4:05 of 3rd period - Dominik Kahun wins face-off versus Aleksi Saarela in Knights zone.
4:18 of 3rd period - Snap shot by Ryan Dzingel.
4:18 of 3rd period - Stopped by Magnus Hellberg without a rebound.
4:19 of 3rd period - Bo Horvat wins face-off versus Frank Vatrano in Knights zone.
4:44 of 3rd period - Frank Vatrano is hit by Tom Kuhnhackl and loses puck.
5:32 of 3rd period - Wrist shot by Dominik Kahun.
5:32 of 3rd period - Shot Blocked by Colton Sissons.
5:34 of 3rd period - Slapshot by Nikolay Goldobin.
5:34 of 3rd period - Deflect By Nathan Walker.
5:34 of 3rd period - Shot Misses the Net.
5:34 of 3rd period - Puck is out of play.
5:35 of 3rd period - Dominik Kahun wins face-off versus Bo Horvat in Influenza zone.
6:29 of 3rd period - Slapshot by Frank Vatrano.
6:29 of 3rd period - Stopped by Al Montoya with a rebound.
6:39 of 3rd period - Mirco Mueller is hit by Aleksi Saarela and loses puck.
6:46 of 3rd period - Slapshot by Ludwig Bystrom.
6:46 of 3rd period - Stopped by Al Montoya with a rebound.
7:22 of 3rd period - Wrist shot by Colton Sissons.
7:22 of 3rd period - Goal by Colton Sissons - Knights : 3 - Influenza : 3.
7:23 of 3rd period - Bo Horvat wins face-off versus Noel Acciari in neutral zone.
7:57 of 3rd period - Slapshot by Iiro Pakarinen.
7:57 of 3rd period - Shot Misses the Net.
7:59 of 3rd period - Snap shot by Iiro Pakarinen.
7:59 of 3rd period - Shot Misses the Net.
8:01 of 3rd period - Snap shot by Jordan Martinook.
8:01 of 3rd period - Goal by Jordan Martinook - Knights : 4 - Influenza : 3.
8:02 of 3rd period - Bo Horvat wins face-off versus Frank Vatrano in neutral zone.
8:05 of 3rd period - Slapshot by Tim Schaller.
8:05 of 3rd period - Shot Misses the Net.
8:07 of 3rd period - Slapshot by Travis Konecny.
8:07 of 3rd period - Shot Misses the Net.
8:09 of 3rd period - Slapshot by Shane Sims.
8:09 of 3rd period - Shot Hit the Post.
8:11 of 3rd period - Slapshot by Neal Pionk.
8:11 of 3rd period - Shot Misses the Net.
8:13 of 3rd period - Wrist shot by Tim Schaller.
8:13 of 3rd period - Stopped by Magnus Hellberg with a rebound.
8:21 of 3rd period - Mirco Mueller is hit by Shane Sims and loses puck.
8:40 of 3rd period - Snap shot by Colton Sissons.
8:40 of 3rd period - Stopped by Magnus Hellberg with a rebound.
9:22 of 3rd period - Wrist shot by Jeremy Bracco.
9:22 of 3rd period - Shot Blocked by Ryan Dzingel.
9:24 of 3rd period - Slapshot by Cedric Paquette.
9:24 of 3rd period - Shot Blocked by Haydn Fleury.
9:39 of 3rd period - Wrist shot by Nikolaj Ehlers.
9:39 of 3rd period - Shot Misses the Net.
10:09 of 3rd period - Wrist shot by Nathan Walker.
10:09 of 3rd period - Stopped by Al Montoya with a rebound.
10:15 of 3rd period - Minor Penalty to Jeff Corbett for Hooking.
10:16 of 3rd period - Noel Acciari wins face-off versus Bo Horvat in Influenza zone.
11:13 of 3rd period - Iiro Pakarinen is hit by Colton Sissons and loses puck.
11:29 of 3rd period - Icing by Noel Acciari.
11:30 of 3rd period - Frank Vatrano wins face-off versus Tom Kuhnhackl in Knights zone.
12:15 of 3rd period - Penalty to Jeff Corbett is over, Jeff Corbett is back on ice.
12:52 of 3rd period - Snap shot by Max Domi.
12:52 of 3rd period - Stopped by Magnus Hellberg without a rebound.
12:53 of 3rd period - Colton Sissons wins face-off versus Brendan Gaunce in Knights zone.
13:18 of 3rd period - Alexandre Carrier is hit by Bo Horvat and loses puck.
13:27 of 3rd period - Wrist shot by Noel Acciari.
13:27 of 3rd period - Stopped by Al Montoya without a rebound.
13:28 of 3rd period - Colton Sissons wins face-off versus Brendan Gaunce in Influenza zone.
13:41 of 3rd period - Slapshot by Max Domi.
13:41 of 3rd period - Shot Misses the Net.
13:53 of 3rd period - Dmitry Sinitsyn is hit by Noel Acciari and loses puck.
13:58 of 3rd period - Snap shot by Noel Acciari.
13:58 of 3rd period - Shot Blocked by Bo Horvat.
14:00 of 3rd period - Slapshot by Frank Vatrano.
14:00 of 3rd period - Shot Blocked by Tim Schaller.
14:02 of 3rd period - Slapshot by Alexandre Carrier.
14:02 of 3rd period - Shot Misses the Net.
14:32 of 3rd period - Dominik Kahun is hit by Colton Sissons and loses puck.
14:37 of 3rd period - Slapshot by Max Domi.
14:37 of 3rd period - Stopped by Magnus Hellberg without a rebound.
14:38 of 3rd period - Colton Sissons wins face-off versus Noel Acciari in Knights zone.
14:45 of 3rd period - Snap shot by Ludwig Bystrom.
14:45 of 3rd period - Deflect By Noel Acciari.
14:45 of 3rd period - Stopped by Al Montoya without a rebound.
14:46 of 3rd period - Bo Horvat wins face-off versus Noel Acciari in Influenza zone.
14:50 of 3rd period - Minor Penalty to Nikolaj Ehlers for Roughing.
14:51 of 3rd period - Bo Horvat wins face-off versus Noel Acciari in Knights zone.
16:50 of 3rd period - Penalty to Nikolaj Ehlers is over, Nikolaj Ehlers is back on ice.
17:03 of 3rd period - Snap shot by Nikolaj Ehlers.
17:03 of 3rd period - Stopped by Al Montoya without a rebound.
17:04 of 3rd period - Brendan Gaunce wins face-off versus Tom Kuhnhackl in Influenza zone.
17:27 of 3rd period - Frank Vatrano is hit by Jeff Corbett and loses puck.
17:31 of 3rd period - Minor Penalty to Jaden Lindo for Hooking.
17:32 of 3rd period - Bo Horvat wins face-off versus Noel Acciari in Influenza zone.
17:43 of 3rd period - Slapshot by Frank Vatrano.
17:43 of 3rd period - Shot Blocked by Shane Sims.
17:45 of 3rd period - Wrist shot by Frank Vatrano.
17:45 of 3rd period - Shot Blocked by Dmitry Sinitsyn.
17:47 of 3rd period - Snap shot by Frank Vatrano.
17:47 of 3rd period - Shot Hit the Post.
18:06 of 3rd period - Brett Pesce is hit by Iiro Pakarinen and loses puck.
18:28 of 3rd period - Tim Schaller is hit by Noel Acciari and loses puck.
19:15 of 3rd period - Dmitry Sinitsyn is hit by Vladislav Gavrikov and loses puck.
19:31 of 3rd period - Penalty to Jaden Lindo is over, Jaden Lindo is back on ice.
19:41 of 3rd period - Influenza, Al Montoya is pulled from the net.
Goals for this period are 2 for Knights vs 1 for Influenza.
Shots for this period are 8 for Knights vs 10 for Influenza.